 Dungeon Crawl Stone Soup version 0.29-a0-72-g1732ff48e7 (webtiles) character file.

Game seed: 235118908867092029

756 HallandMoats the Skirmisher (level 7, 0/38 HPs)
             Began as a Vine Stalker Fighter on Feb 3, 2022.
             Was a Priest of Makhleb.
             Splashed by a jelly's acid (5 damage)
             ... on level 5 of the Dungeon.
             The game lasted 00:05:11 (3849 turns).

HallandMoats the Skirmisher (Vine Stalker Fighter)  Turns: 3849, Time: 00:05:12

Health: 0/38       AC: -5    Str: 21    XL:     7   Next: 79%
Magic:  0/10       EV: 10    Int:  8    God:    Makhleb [***...]
Gold:   229        SH:  5    Dex: 13    Spells: 6/6 levels left

rFire   . . .      SeeInvis +   a - +1 trident
rCold   . . .      Faith    .   c - +0 buckler
rNeg    . . .      Spirit   +   b - +0 scale mail
rPois   .          Reflect  .   (no helmet)
rElec   .          Harm     .   (no cloak)
rCorr   .          Rampage  .   (no gloves)
Will    .....                   (no boots)
Stlth   ..........              (no amulet)
HPRegen 0.92/turn               r - ring of see invisible
MPRegen 0.12/turn               (no ring)

@: corroded
A: fangs 2, regeneration 1, magic shield, antimagic bite, no potion heal 2
a: Renounce Religion, Minor Destruction, Lesser Servant of Makhleb


You were on level 5 of the Dungeon.
You worshipped Makhleb.
Makhleb was most pleased with you.
You visited 1 branch of the dungeon, and saw 5 of its levels.

You collected 229 gold pieces.

Inventory:

Hand Weapons
 a - a +1 trident (weapon)
Armour
 b - a +0 scale mail (worn)
 c - a +0 buckler (worn)
Jewellery
 f - a ring of ice
 r - a ring of see invisible (left hand)
Scrolls
 g - 2 scrolls of teleportation
 j - 3 scrolls of identify
Potions
 d - a potion of might
 e - 3 potions of curing
 i - a potion of haste {unknown}
 n - a potion of mutation {unknown}
 q - a potion of brilliance {unknown}
 s - a potion of heal wounds {unknown}


   Skills:
 * Level 4.5 Fighting
 * Level 3.9 Polearms
 + Level 3.3 Armour
 + Level 1.9 Dodging
 + Level 3.6 Shields
 * Level 3.6 Invocations


You had 6 spell levels left.
You didn't know any spells.
Your spell library contained the following spells:

 Spells                   Type           Power      Damage    Failure   Level
 Freeze                   Ice            0%         1d3       83%         1
 Sandblast                Erth           0%         2d4       83%         1
 Passwall                 Tmut/Erth      0%         N/A       93%         2
 Frozen Ramparts          Ice            0%         1d2       99%         3
 Gell's Gravitas          Tloc           0%         N/A       99%         3
 Ignite Poison            Fire/Tmut/Pois 0%         N/A       99%         3
 Mephitic Cloud           Conj/Pois/Air  0%         N/A       99%         3
 Stone Arrow              Conj/Erth      0%         3d7       99%         3
 Teleport Other           Tloc           0%         N/A       99%         3
 Tukima's Dance           Hex            0%         N/A       99%         3
 Anguish                  Hex/Necr       0%         N/A       100%        4
 Hailstorm                Conj/Ice       0%         3d3       100%        4
 Freezing Cloud           Conj/Ice/Air   0%         6-21      100%        5
 Dispersal                Tloc           0%         N/A       100%        6
 Enfeeble                 Hex            0%         N/A       100%        7


Dungeon Overview and Level Annotations

Branches:
Dungeon (5/15)
 Temple: D:4-7

Altars:
Elyvilon
Makhleb
Vehumet
Xom


Innate Abilities, Weirdness & Mutations

You have extremely sharp teeth.
Your natural rate of healing is unusually fast.
When hurt, damage is shared between your health and your magic reserves.
Your bite disrupts and absorbs the magic of your enemies.
Potions cannot restore your health.


Message History

The iguana misses you.
You hit the iguana. You bite the iguana, but do no damage.
The iguana is severely wounded.
The iguana barely misses you.
You puncture the iguana!
You kill the iguana!
Makhleb accepts your kill.
No target in view!
No target in view!
You open the door.
A jelly comes into view.
A jelly is nearby!
A jelly is nearby!
You puncture the jelly!
Your hands burn!
Your bite misses the jelly.
The jelly is heavily wounded.
The jelly closely misses you.
You hit the jelly but do no damage.
Your hands burn!
The jelly is heavily wounded.
The jelly hits you but does no damage.
You barely miss the jelly. You bite the jelly. You drain its power.
The jelly is severely wounded.
The jelly hits you. The acid corrodes you!
You are splashed with acid!
You completely miss the jelly.
The jelly is severely wounded.
The jelly hits you. The acid corrodes you!
You are splashed with acid!
You hit the jelly.
Your hands burn!
The jelly is almost dead.
The jelly hits you.
You are splashed with acid.
You are too injured to fight recklessly!
You are too injured to fight recklessly!
You are too injured to fight recklessly!
You are too injured to fight recklessly!
You are too injured to fight recklessly!
You hit the jelly. The acid corrodes you!
Your hands burn!
You bite the jelly, but do no damage.
The jelly is almost dead.
The jelly hits you.
You are splashed with acid!
* * * LOW HITPOINT WARNING * * *
You hit the jelly but do no damage.
Your hands burn!
You die...

#.......# #.#
#.#####.#####.#### ##.#
#............. #..#
#.#.##.##.####
##..########.##.#...
#...+J+..###....>...
####...# #...#.........
#......###...#.........
####..@J.+._.#..#####..
#...###...#......#..
#...###...#..###....
#...†.+..##.........
#...######..#.##....
#.#.#.##............
#.#.#.####..###.....
#.#.#...............
#.#.######...#......


You could see 2 jellies.

Vanquished Creatures
  A black bear (D:4)
  A phantom (D:5)
  A kobold brigand (D:4)
  2 scorpions (D:5)
  2 water moccasin zombies (D:5)
  A centaur skeleton (D:3)
  2 iguanas (D:5)
  A scorpion zombie (D:5)
  An orc wizard (D:5)
  4 gnolls
  6 adders
  5 dart slugs
  2 worms (D:2)
  6 orcs
  6 bats
  5 endoplasms
  2 giant cockroaches
  6 goblins
  9 hobgoblins
  3 jackals (D:2)
  6 kobolds
  A quokka (D:3)
  8 ball pythons
  4 frilled lizards
  9 rats
94 creatures vanquished.

Notes
Turn   | Place    | Note
-------+----------+-------------------------------------------
     0 | D:1      | HallandMoats the Vine Stalker Fighter began the quest for
                  | the Orb.
     0 | D:1      | Reached XP level 1. HP: 11/11 MP: 2/2
   208 | D:1      | Reached XP level 2. HP: 15/16 MP: 3/3
   251 | D:1      | Found a faded altar of an unknown god.
   264 | D:1      | Prayed at the altar of an unknown god.
   264 | D:1      | Became a worshipper of Makhleb the Destroyer
   264 | D:1      | Reached * piety under Makhleb
   706 | D:2      | Reached XP level 3. HP: 17/19 MP: 2/4
   773 | D:2      | Reached skill level 3 in Fighting
   773 | D:2      | Reached skill level 1 in Invocations
   855 | D:2      | Reached ** piety under Makhleb
   965 | D:2      | Gained mutation: Your natural rate of healing is unusually
                  | fast. [Vine Stalker growth]
   965 | D:2      | Reached XP level 4. HP: 24/24 MP: 6/6
  1590 | D:3      | Reached skill level 1 in Dodging
  1590 | D:3      | Reached XP level 5. HP: 28/28 MP: 7/7
  2046 | D:3      | Found a radiant altar of Vehumet.
  2405 | D:4      | Noticed a kobold brigand
  2420 | D:4      | Killed a kobold brigand
  2420 | D:4      | Reached *** piety under Makhleb
  2421 | D:4      | Reached XP level 6. HP: 29/33 MP: 6/8
  2533 | D:4      | Noticed a black bear
  2543 | D:4      | Killed a black bear
  2733 | D:5      | Entered Level 5 of the Dungeon
  2737 | D:5      | Found a white marble altar of Elyvilon.
  2776 | D:5      | Reached skill level 4 in Fighting
  2787 | D:5      | Reached XP level 7. HP: 26/37 MP: 8/10
  3060 | D:5      | Found a shimmering altar of Xom.
  3849 | D:5      | Splashed by a jelly's acid

Illustrated notes

Levels and vault maps discovered:
D:1:      co_arrival_random_square_maze, layout_rooms,
          chequers_ecumenical_altar_simple, hangedman_decor_growths
D:2:      layout_basic
D:3:      layout_loops_ring, nicolae_overflow_hidden_temple, minmay_between
D:4:      layout_rooms, eino_tiny_chamber
D:5:      layout_basic, dk_xom_monty_hall, lemuel_tele_altar

Skill      XL: |  1  2  3  4  5  6 |
---------------+-------------------+-----
Polearms       | 2 3 |  3.9
Fighting       | 3 4 |  4.5
Invocations    | 1 2 3 |  3.6
Shields        | 3 |  3.6
Dodging        | 1 |  1.9
Armour         | 3 |  3.3

Action                   |  1- 3 |  4- 6 |  7- 9 || total
-------------------------+-------+-------+-------++-------
Melee: Trident           |    85 |   171 |    79 ||   335
       Bite              |    13 |    37 |    28 ||    78
  Use: Scroll            |       |     9 |       ||     9
Armor: Scale mail        |    25 |    61 |    20 ||   106
Dodge: Dodged            |    24 |    77 |    29 ||   130
Block: Buckler           |    13 |    39 |     9 ||    61

Table legend: (Time is in decaauts)
 A = Elapsed time spent in this place.
 B = Non-inter-level travel time spent in this place.
 C = Inter-level travel time spent in this place.
 D = Time resting spent in this place.
 E = Time spent auto-exploring this place.
 F = Levels seen in this place.
 G = Mean time per level.
                   A        B        C        D        E       F      G
               +--------+--------+--------+--------+--------+-----+--------+
         Total |   3920 |   3826 |     94 |     26 |   3012 |   5 |  784.0 |
       Dungeon |   3920 |   3826 |     94 |     26 |   3012 |   5 |  784.0 |
               +--------+--------+--------+--------+--------+-----+--------+

Top non-repeatable levels by time:
     D:5: 1130 daAuts
     D:3: 838 daAuts
     D:2: 716 daAuts
     D:1: 700 daAuts
     D:4: 535 daAuts
